[Event "Titled Tuesday Blitz June 20 Late 2023"]
[White "Hartikainen, Jarmo"]
[Black "Ismayil, Malak"]
[WhiteFideId "503134"]
[BlackFideId "13412604"]
[WhiteElo "2161"]
[BlackElo "1868"]
[Result "0-1"]
[Round "1"]
[TimeControl "180+2"]
[Date "2023.06.20"]
[WhiteClock "0:00:00"]
[BlackClock "0:00:41"]
[Board "178"]

1. e4 e5 2. Nf3 Nc6 3. Bc4 Bc5 4. c3 Nf6 5. d4 exd4 6. b4 Bb6 7. e5 d5 8. exf6 dxc4 9. Qe2+ Be6 10. b5 Na5 11. cxd4 Qxf6 12. Bb2 Qf5 13. d5 Qxd5 14. Nc3 Qd3 15. Rd1 Qxe2+ 16. Nxe2 O-O 17. O-O Rfe8 18. Ned4 Bd5 19. Rfe1 c6 20. bxc6 Nxc6 21. Nf5 Bxf3 22. gxf3 f6 23. Rxe8+ Rxe8 24. Rd7 Re1+ 25. Kg2 Re2 26. Rxg7+ Kf8 27. Ba3+ Ke8 28. Nd6+ Kd8 29. Nxb7+ Kc8 30. Nd6+ Kb8 31. Rg8+ Kc7 32. Nb5+ Kb7 33. Rg7+ Ka6 34. Nd6 Rxf2+ 35. Kg3 Ne5 0-1


[Site "https://www.chess.com"]

[Event "Titled Tuesday Blitz June 20 Late 2023"]
[White "Manukyan, Artyom"]
[Black "Winkels, Marcel"]
[WhiteFideId "13305786"]
[BlackFideId "1003887"]
[WhiteElo "2078"]
[BlackElo "1900"]
[Result "1-0"]
[Round "1"]
[TimeControl "180+2"]
[Date "2023.06.20"]
[WhiteClock "0:01:53"]
[BlackClock "0:00:00"]
[Board "179"]

1. Nf3 Nf6 2. c4 g6 3. g3 c6 4. Bg2 d5 5. O-O Bg7 6. d4 O-O 7. cxd5 cxd5 8. Ne5 Bf5 9. Nc3 Nc6 10. Nxc6 bxc6 11. Qa4 Qd7 12. Bf4 Ne4 13. Rac1 Rac8 14. Nxe4 dxe4 15. Rfd1 e6 16. e3 Bg4 17. Rd2 Bf3 18. Rdc2 Qb7 19. b3 Rfd8 20. Rxc6 Rxc6 21. Qxc6 Qb4 22. Bxf3 exf3 23. Qxf3 Qd2 24. Rc7 Qa5 25. Qb7 Qe1+ 26. Kg2 e5 27. Rxf7 Bf8 28. Rxh7 1-0


[Site "https://www.chess.com"]

[Event "Titled Tuesday Blitz June 20 Late 2023"]
[White "Levine, David"]
[Black "Leenhouts, Koen"]
[WhiteFideId "2011611"]
[BlackFideId "1008439"]
[WhiteElo "2127"]
[BlackElo "2409"]
[Result "0-1"]
[Round "1"]
[TimeControl "180+2"]
[Date "2023.06.20"]
[WhiteClock "0:00:59"]
[BlackClock "0:01:20"]
[Board "180"]

1. d4 d5 2. c4 e6 3. g3 a6 4. Bg2 Nf6 5. Nf3 Be7 6. O-O O-O 7. Qc2 dxc4 8. Qxc4 b5 9. Qc2 Bb7 10. a4 Nbd7 11. axb5 axb5 12. Rxa8 Bxa8 13. Nc3 b4 14. Na4 Be4 15. Qd1 Qa8 16. Bf4 Nd5 17. b3 Nxf4 18. gxf4 Bd6 19. e3 Rd8 20. Ne1 Bxg2 21. Nxg2 Nf6 22. Ne1 c5 23. dxc5 Bxc5 24. Qc2 Bf8 25. Nb6 Qa5 26. Qc7 Rd6 27. Nc4 Qxc7 0-1


[Site "https://www.chess.com"]

[Event "Titled Tuesday Blitz June 20 Late 2023"]
[White "Ince, Taylan Ruzgar"]
[Black "Ricaurte Lopez, Juan Carlos"]
[WhiteFideId "44513089"]
[BlackFideId "3600327"]
[WhiteElo "2147"]
[BlackElo "2200"]
[Result "1-0"]
[Round "1"]
[TimeControl "180+2"]
[Date "2023.06.20"]
[WhiteClock "0:00:32"]
[BlackClock "0:00:00"]
[Board "181"]

1. e4 e6 2. d4 d5 3. Bd3 dxe4 4. Bxe4 Nf6 5. Bf3 c5 6. Ne2 Nc6 7. Be3 cxd4 8. Nxd4 Ne5 9. Nc3 Nxf3+ 10. Qxf3 a6 11. O-O-O Qa5 12. Nb3 Qf5 13. Qg3 Bb4 14. Qxg7 Rg8 15. Qh6 Bxc3 16. bxc3 Bd7 17. Qh4 Bc6 18. Qd4 Nd5 19. Kb2 Rc8 20. Rhg1 Bb5 21. g4 Qg6 22. Bd2 Qf6 23. Qxf6 Nxf6 24. h3 Ne4 25. Be1 Ke7 26. f3 Nd6 27. Bh4+ f6 28. Bxf6+ Kxf6 29. Rxd6 Bc6 30. Re1 1-0


[Site "https://www.chess.com"]

[Event "Titled Tuesday Blitz June 20 Late 2023"]
[White "Calderin Gonzalez, Roberto"]
[Black "Tissir, Mohamed"]
[WhiteFideId "5102979"]
[BlackFideId "9000240"]
[WhiteElo "2120"]
[BlackElo "2458"]
[Result "0-1"]
[Round "1"]
[TimeControl "180+2"]
[Date "2023.06.20"]
[WhiteClock "0:00:09"]
[BlackClock "0:01:42"]
[Board "182"]

1. e4 c5 2. Nc3 g6 3. g3 Bg7 4. Bg2 Nc6 5. Nge2 h5 6. d3 h4 7. h3 hxg3 8. fxg3 d6 9. Be3 Rb8 10. Qd2 Nd4 11. Bxd4 cxd4 12. Nd5 Nf6 13. Nxf6+ Bxf6 14. h4 Qb6 15. O-O-O Be6 16. Kb1 Rc8 17. Nc1 Be5 18. Bh3 a5 19. Bxe6 fxe6 20. Qg5 Kd7 21. Rhf1 a4 22. Rf7 Rhe8 23. Qxg6 a3 24. b3 Qc5 25. Rd2 Qc3 0-1


[Site "https://www.chess.com"]

[Event "Titled Tuesday Blitz June 20 Late 2023"]
[White "Keleberda, Tymur"]
[Black "Sailer, Mike"]
[WhiteFideId "14174294"]
[BlackFideId "2012901"]
[WhiteElo "2198"]
[BlackElo "2109"]
[Result "0-1"]
[Round "1"]
[TimeControl "180+2"]
[Date "2023.06.20"]
[WhiteClock "0:00:00"]
[BlackClock "0:00:09"]
[Board "183"]

1. e4 d5 2. exd5 Qxd5 3. Nc3 Qd6 4. d4 c6 5. Nf3 Bf5 6. Bc4 Nf6 7. Ne5 e6 8. g4 Be4 9. f3 Bd5 10. Bxd5 Nxd5 11. Nxd5 cxd5 12. f4 Nc6 13. c3 Nxe5 14. fxe5 Qa6 15. Qe2 Qxe2+ 16. Kxe2 Be7 17. h4 O-O 18. g5 b5 19. a3 a5 20. Bd2 Ra7 21. Raf1 Rb7 22. Rh3 Rfb8 23. Rhf3 Bf8 24. h5 Rc8 25. g6 fxg6 26. hxg6 hxg6 27. Rg1 b4 28. axb4 axb4 29. Rxg6 bxc3 30. bxc3 Rc6 31. Kd3 Ra6 32. Rf1 Rb2 33. Rg2 Rb7 34. Rgf2 Ra8 35. Rh1 Rf7 36. Rfh2 Rf5 37. Rh8+ Kf7 38. Rb1 Ra7 39. Ke2 Be7 40. Rbb8 Bg5 41. Rhf8+ Kg6 42. Rxf5 Kxf5 43. Rf8+ Kg6 44. Bxg5 Kxg5 45. Kd3 Rc7 46. Rf3 Kg4 47. Rf8 g5 48. Rf6 Rc6 49. c4 dxc4+ 50. Kc3 Ra6 51. d5 Ra3+ 52. Kb4 Re3 53. Rxe6 c3 54. d6 c2 55. d7 c1=Q 56. d8=Q Qc3+ 57. Kb5 Qb3+ 0-1


[Site "https://www.chess.com"]

[Event "Titled Tuesday Blitz June 20 Late 2023"]
[White "Tarnowska, Aleksandra"]
[Black "ElDivis"]
[WhiteFideId "1180967"]
[WhiteElo "1776"]
[BlackElo "2536"]
[Result "1/2-1/2"]
[Round "1"]
[TimeControl "180+2"]
[Date "2023.06.20"]
[WhiteClock "0:00:06"]
[BlackClock "0:00:10"]
[Board "184"]

1. e4 c5 2. Nf3 d6 3. Bb5+ Bd7 4. Bxd7+ Nxd7 5. O-O Ngf6 6. d4 Nxe4 7. Re1 Nef6 8. Bf4 e6 9. Ng5 Be7 10. Nc3 O-O 11. d5 e5 12. Be3 h6 13. Nf3 a6 14. a4 Re8 15. a5 Bf8 16. Qd2 Ng4 17. h3 Nxe3 18. Qxe3 f5 19. Ra4 e4 20. Nd2 Ne5 21. Qf4 Qf6 22. Nc4 Nxc4 23. Rxc4 g5 24. Qd2 Bg7 25. Na4 Re7 26. Nb6 Rae8 27. c3 f4 28. Qc2 e3 29. fxe3 fxe3 30. Qe2 Rf8 31. Rg4 Qe5 32. Nc4 Qxd5 33. Nxe3 Qe6 34. Rg3 Be5 35. Rf3 Rxf3 36. Qxf3 Bf4 37. Kf2 Rf7 38. Kg1 Bh2+ 39. Kxh2 Rxf3 40. gxf3 Qb3 41. Re2 Qb5 42. Rg2 Qd3 43. Ng4 Kg7 44. h4 Qxf3 45. hxg5 hxg5 46. Nf2 Qf4+ 47. Kg1 Qc1+ 48. Kh2 Qxb2 49. Rxg5+ Kf6 50. Rg2 Ke7 51. Ne4 Qb1 52. Rg7+ Kf8 53. Rg4 Qc2+ 54. Kg3 Qd3+ 55. Kh4 d5 56. Nf6 Qf5 57. Nh5 Qf2+ 58. Kg5 d4 59. Rf4+ Qxf4+ 60. Nxf4 dxc3 61. Nd3 c4 62. Nc1 Ke7 63. Kf5 Kd6 64. Ke4 Kc5 65. Ke5 Kb4 66. Kd4 Kxa5 67. Kxc4 c2 68. Kc3 b5 69. Kxc2 Kb4 70. Kb2 a5 71. Na2+ Kc4 72. Nc3 b4 73. Nb1 a4 74. Nd2+ Kd3 75. Nb1 Ke2 76. Ka2 Kd1 77. Kb2 Ke2 78. Nc3+ bxc3+ 79. Kxc3 a3 80. Kb3 a2 81. Kxa2 1/2-1/2


[Site "https://www.chess.com"]

[Event "Titled Tuesday Blitz June 20 Late 2023"]
[White "Brunner, Nicolas"]
[Black "Schain, Randolph"]
[WhiteFideId "620246"]
[BlackFideId "2003139"]
[WhiteElo "2319"]
[BlackElo "2123"]
[Result "1-0"]
[Round "1"]
[TimeControl "180+2"]
[Date "2023.06.20"]
[WhiteClock "0:00:27"]
[BlackClock "0:00:45"]
[Board "185"]

1. Nf3 Nf6 2. g3 g6 3. Bg2 Bg7 4. O-O O-O 5. d4 d5 6. c4 c6 7. cxd5 cxd5 8. Nc3 Nc6 9. Ne5 Nxe5 10. dxe5 Ng4 11. Nxd5 Nxe5 12. Bg5 Nc6 13. Nxe7+ Nxe7 14. Qxd8 Rxd8 15. Bxe7 Re8 16. Ba3 Rxe2 17. Rfe1 Rxe1+ 18. Rxe1 Be6 19. b3 Rc8 20. Bxb7 Rc2 21. Bd5 Rxa2 22. Bxe6 fxe6 23. Bc5 Kf7 24. Rd1 Ke8 25. Rd6 e5 26. Re6+ Kf7 27. Re7+ Kf6 28. Rxa7 Rb2 29. b4 h5 30. h4 Bh6 31. Kg2 Bd2 32. Rb7 e4 33. b5 e3 34. Bd4+ Kf5 35. Bxb2 1-0


[Site "https://www.chess.com"]

[Event "Titled Tuesday Blitz June 20 Late 2023"]
[White "Torres Dominguez, David"]
[Black "Bruedigam, Martin"]
[WhiteFideId "2220857"]
[BlackFideId "24608033"]
[WhiteElo "1999"]
[BlackElo "2331"]
[Result "0-1"]
[Round "1"]
[TimeControl "180+2"]
[Date "2023.06.20"]
[WhiteClock "0:00:00"]
[BlackClock "0:00:21"]
[Board "186"]

1. e4 c6 2. Nf3 d5 3. d3 dxe4 4. dxe4 Qxd1+ 5. Kxd1 Nd7 6. Nfd2 g5 7. Nb3 g4 8. Be3 Bg7 9. c3 Ne5 10. N1d2 h5 11. Nc4 b6 12. Kc2 Ng6 13. a4 Nf6 14. f3 Bd7 15. Be2 Nh4 16. Rhg1 Ng6 17. Rgd1 h4 18. Ncd2 h3 19. g3 gxf3 20. Bxf3 Ne5 21. Be2 Bg4 22. Bxg4 Nfxg4 23. Bg1 c5 24. a5 O-O 25. axb6 axb6 26. Rxa8 Rxa8 27. Ra1 Rxa1 28. Nxa1 Bh6 29. Nab3 e6 30. c4 f6 31. Kc3 Kf7 32. Kc2 Ke7 33. Kc3 Kd6 34. Kc2 Be3 35. Bxe3 Nxe3+ 36. Kc1 N3g4 37. Nf1 Nf3 38. Nbd2 Ngxh2 39. Nxh2 Nxh2 40. Kd1 Ng4 41. Nf1 h2 42. Nxh2 Nxh2 43. Ke2 Ng4 44. b3 Ne5 45. Ke3 Ke7 0-1


[Site "https://www.chess.com"]

[Event "Titled Tuesday Blitz June 20 Late 2023"]
[White "Taboas Rodriguez, Daniel"]
[Black "Bongo Akanga Ndjila, Barthelemy"]
[WhiteFideId "2208466"]
[BlackFideId "10609431"]
[WhiteElo "2365"]
[BlackElo "1768"]
[Result "1-0"]
[Round "1"]
[TimeControl "180+2"]
[Date "2023.06.20"]
[WhiteClock "0:02:53"]
[BlackClock "0:00:00"]
[Board "187"]

1. d4 d5 2. Nf3 e6 3. c4 Nf6 4. Bg5 Be7 5. e3 O-O 6. Nc3 h6 7. Bh4 c6 8. Bd3 Nbd7 9. O-O b6 10. Qe2 Bb7 11. Rac1 1-0


[Site "https://www.chess.com"]

[Event "Titled Tuesday Blitz June 20 Late 2023"]
[White "Sanchez, Robert"]
[Black "De La Villa Garcia, Jesus Maria"]
[WhiteFideId "2034360"]
[BlackFideId "2200040"]
[WhiteElo "2053"]
[BlackElo "2534"]
[Result "0-1"]
[Round "1"]
[TimeControl "180+2"]
[Date "2023.06.20"]
[WhiteClock "0:00:36"]
[BlackClock "0:02:12"]
[Board "188"]

1. e4 c6 2. Nf3 d5 3. Nc3 dxe4 4. Nxe4 Nf6 5. Ng3 c5 6. Bc4 Nc6 7. O-O g6 8. h3 Bg7 9. Re1 O-O 10. d3 Na5 11. Bb3 Nxb3 12. axb3 b6 13. Bg5 Bb7 14. Qe2 Re8 15. Nd2 h6 16. Be3 Nd5 17. c3 Nxe3 18. fxe3 Qd7 19. d4 e5 20. dxc5 bxc5 21. Nc4 Qc6 22. e4 Red8 23. Na5 Qb6 24. Nxb7 Qxb7 25. Qc4 Rd2 26. Re2 Rad8 27. Qxc5 Qxb3 28. Rxd2 Rxd2 29. Rxa7 Qxb2 30. Qc4 Rxg2+ 31. Kf1 Qf2# 0-1


[Site "https://www.chess.com"]

[Event "Titled Tuesday Blitz June 20 Late 2023"]
[White "FoxOnTheRun97"]
[Black "dorpato"]
[WhiteElo "2532"]
[BlackElo "2052"]
[Result "1-0"]
[Round "1"]
[TimeControl "180+2"]
[Date "2023.06.20"]
[WhiteClock "0:00:12"]
[BlackClock "0:00:13"]
[Board "189"]

1. Nf3 c5 2. c4 g6 3. g3 Bg7 4. Bg2 Nf6 5. O-O O-O 6. d3 d5 7. cxd5 Nxd5 8. a3 Nc6 9. Qc2 b6 10. Nc3 Nxc3 11. bxc3 Bb7 12. Bf4 Rc8 13. Rab1 e5 14. Nxe5 Bxe5 15. Bxe5 Nxe5 16. Bxb7 Rc7 17. Bg2 h5 18. Qa4 Qf6 19. Rbc1 g5 20. d4 Nd7 21. d5 Ne5 22. f4 Ng4 23. e4 Ne3 24. Rf2 Nxg2 25. Kxg2 g4 26. e5 Qg6 27. f5 Qg5 28. Qf4 Qe7 29. c4 Re8 30. d6 Qxe5 31. Qxe5 1-0


[Site "https://www.chess.com"]

[Event "Titled Tuesday Blitz June 20 Late 2023"]
[White "White, John S."]
[Black "Krsnik Cohar, Ivan Vihor"]
[WhiteFideId "2502348"]
[BlackFideId "14520044"]
[WhiteElo "2013"]
[BlackElo "2414"]
[Result "0-1"]
[Round "1"]
[TimeControl "180+2"]
[Date "2023.06.20"]
[WhiteClock "0:00:00"]
[BlackClock "0:00:24"]
[Board "190"]

1. e4 c5 2. Nf3 g6 3. d4 cxd4 4. Nxd4 Nf6 5. Nc3 Nc6 6. Be3 Bg7 7. Be2 O-O 8. O-O d5 9. exd5 Nxd5 10. Nxd5 Qxd5 11. Bf3 Qc4 12. Nxc6 bxc6 13. c3 Rb8 14. Qc2 Bf5 15. Qe2 Qxe2 16. Bxe2 Rxb2 17. Bf3 Bxc3 18. Rfc1 Bc2 19. Be4 Rfb8 20. Bxc2 Rxc2 21. Rxc2 Bxa1 22. g3 Rb2 23. Rxb2 Bxb2 24. Bxa7 Ba3 25. Bd4 f6 26. Kf1 Kf7 27. Ke2 Ke6 28. Kd3 Kd5 29. f4 e5 30. fxe5 fxe5 31. Be3 e4+ 32. Kc3 h5 33. Kb3 Bc5 34. Bxc5 Kxc5 35. a4 e3 36. Kc3 e2 37. Kd2 Kb4 38. Kxe2 Kxa4 39. Kd2 Kb3 40. Kd3 c5 41. Kd2 c4 42. Kc1 Kc3 43. h4 Kd3 44. Kd1 c3 45. Kc1 c2 46. g4 hxg4 47. h5 gxh5 0-1


[Site "https://www.chess.com"]

[Event "Titled Tuesday Blitz June 20 Late 2023"]
[White "Deng, Henry"]
[Black "Dmitriev, Sergey"]
[WhiteFideId "30965454"]
[BlackFideId "14101785"]
[WhiteElo "2529"]
[BlackElo "2132"]
[Result "1-0"]
[Round "1"]
[TimeControl "180+2"]
[Date "2023.06.20"]
[WhiteClock "0:00:50"]
[BlackClock "0:00:24"]
[Board "191"]

1. e4 d6 2. d4 g6 3. Nc3 Bg7 4. Be3 Nf6 5. Qd2 O-O 6. Bh6 Nc6 7. O-O-O e5 8. Bxg7 Kxg7 9. dxe5 dxe5 10. Qg5 Qe7 11. f3 h6 12. Qe3 Nd4 13. Nge2 c5 14. h4 h5 15. Nb1 Qc7 16. c3 Nxe2+ 17. Bxe2 Be6 18. a3 Rad8 19. Nd2 Rd7 20. Bb5 Rd6 21. Qg5 Rfd8 22. Qxe5 Qb6 23. Be2 Ba2 24. Qg5 Nh7 25. Qe3 Qc6 26. g4 Nf6 27. e5 Nd5 28. Qg5 f6 29. exf6+ Nxf6 30. gxh5 Nxh5 31. Rhg1 Kh7 32. f4 Rd5 33. Qe7+ Kh8 34. Bxh5 R8d7 35. Qf8+ Kh7 36. Bxg6+ 1-0


[Site "https://www.chess.com"]

[Event "Titled Tuesday Blitz June 20 Late 2023"]
[White "Burke, Paul"]
[Black "Perske, Thore"]
[WhiteFideId "2605767"]
[BlackFideId "12902195"]
[WhiteElo "1915"]
[BlackElo "2336"]
[Result "0-1"]
[Round "1"]
[TimeControl "180+2"]
[Date "2023.06.20"]
[WhiteClock "0:00:00"]
[BlackClock "0:00:19"]
[Board "192"]

1. e4 e6 2. d4 d5 3. e5 c5 4. Qg4 cxd4 5. Nf3 Nc6 6. Bd3 h5 7. Qg3 h4 8. Qg4 Nh6 9. Bxh6 Rxh6 10. O-O Bd7 11. c3 dxc3 12. Nxc3 h3 13. g3 g6 14. Rfe1 Bg7 15. Nb5 Kf8 16. Nd6 Kg8 17. Nxb7 Qb6 18. Nd6 Qxb2 19. Qf4 Be8 20. Rab1 Qc3 21. Bb5 Rh5 22. Rbc1 Qa5 23. Bxc6 Bxc6 24. Qxf7+ Kh7 25. Rxc6 Rf8 26. Qxe6 Rxf3 27. Rf1 Rxe5 28. Qg4 Qa3 29. Qxh3+ Rh5 30. Qg4 Rf6 31. Nf7 Rxc6 32. Ng5+ Rxg5 33. Qxg5 Qc5 34. Qh4+ Kg8 35. Qd8+ Kh7 36. Qh4+ Bh6 37. Qg4 Qe7 0-1


[Site "https://www.chess.com"]

[Event "Titled Tuesday Blitz June 20 Late 2023"]
[White "Golubev, Mikhail"]
[Black "Vargas, Mauricio"]
[WhiteFideId "14100983"]
[BlackFideId "4404572"]
[WhiteElo "2374"]
[BlackElo "1986"]
[Result "1-0"]
[Round "1"]
[TimeControl "180+2"]
[Date "2023.06.20"]
[WhiteClock "0:02:39"]
[BlackClock "0:01:18"]
[Board "193"]

1. e4 c5 2. Ne2 d6 3. d4 cxd4 4. Nxd4 Nc6 5. Nc3 Nf6 6. Bc4 g6 7. Nxc6 bxc6 8. e5 dxe5 9. Bxf7+ Kxf7 10. Qxd8 Bg7 11. Qa5 Be6 12. O-O Rhd8 13. Re1 Nd5 14. Ne4 Nf4 15. Bxf4 exf4 16. Ng5+ Kf6 17. Qe5# 1-0


[Site "https://www.chess.com"]

[Event "Titled Tuesday Blitz June 20 Late 2023"]
[White "Munoz Misselis, Nelson Carlos"]
[Black "Ozates, Tuna"]
[WhiteFideId "6601790"]
[BlackFideId "6354521"]
[WhiteElo "1749"]
[BlackElo "2151"]
[Result "0-1"]
[Round "1"]
[TimeControl "180+2"]
[Date "2023.06.20"]
[WhiteClock "0:01:52"]
[BlackClock "0:02:12"]
[Board "194"]

1. d4 f5 2. c4 Nf6 3. Nc3 e6 4. g3 Be7 5. Bg2 O-O 6. Nf3 d6 7. e3 Qe8 8. O-O a5 9. a3 Na6 10. Bd2 Qh5 11. Nh4 Qh6 12. Nf3 g5 13. h3 Kh8 14. Re1 Rg8 15. e4 f4 16. g4 Nd7 17. Qe2 Qg7 18. Rab1 c5 19. d5 e5 20. Nb5 Nf6 21. Qd3 h5 22. gxh5 g4 23. Nh4 gxh3 24. Ng6+ Kh7 25. Bxh3 Nxh5 0-1


[Site "https://www.chess.com"]

[Event "Titled Tuesday Blitz June 20 Late 2023"]
[White "Leon Oquendo, Jorge"]
[Black "Carlsen, Magnus"]
[WhiteFideId "3514803"]
[BlackFideId "1503014"]
[WhiteElo "2276"]
[BlackElo "2858"]
[Result "0-1"]
[Round "2"]
[TimeControl "180+2"]
[Date "2023.06.20"]
[WhiteClock "0:00:00"]
[BlackClock "0:01:49"]
[Board "1"]

1. d4 b5 2. e3 Bb7 3. Nf3 a6 4. c4 bxc4 5. Bxc4 e6 6. O-O Nf6 7. Nc3 Be7 8. Bd3 c5 9. dxc5 Bxc5 10. Bd2 O-O 11. Rc1 d6 12. Qe2 Nbd7 13. Rfd1 Qb8 14. h3 h6 15. Be1 Bxf3 16. Qxf3 Ne5 17. Qe2 Nxd3 18. Rxd3 Rc8 19. Rdd1 d5 20. Na4 Ba7 21. b3 Qb5 22. Qxb5 axb5 23. Nc3 Bb6 24. Nxb5 Rxc1 25. Rxc1 Rxa2 26. Nc3 Ra3 27. Rb1 Kh7 28. Kf1 Nd7 29. Ke2 Kg6 30. g4 h5 31. Bd2 Ne5 32. f3 Nc6 33. Nb5 Ra2 34. Nc3 Ra3 35. Bc1 Ra8 36. Bd2 hxg4 37. hxg4 Rh8 38. Rf1 Ne5 39. Be1 d4 40. exd4 Bxd4 41. Ne4 Rh2+ 42. Bf2 f5 43. gxf5+ exf5 44. Nd2 Kg5 45. b4 Kf4 46. b5 Bb6 47. Nb3 Nxf3 48. Kd3 Rxf2 49. Rxf2 Bxf2 0-1


[Site "https://www.chess.com"]

[Event "Titled Tuesday Blitz June 20 Late 2023"]
[White "Nakamura, Hikaru"]
[Black "Korchmar, Vasiliy"]
[WhiteFideId "2016192"]
[BlackFideId "24131750"]
[WhiteElo "2874"]
[BlackElo "2370"]
[Result "1-0"]
[Round "2"]
[TimeControl "180+2"]
[Date "2023.06.20"]
[WhiteClock "0:00:48"]
[BlackClock "0:00:00"]
[Board "2"]

1. Nf3 d5 2. e3 Nf6 3. c4 c6 4. b3 Bg4 5. Bb2 e6 6. Be2 Nbd7 7. h3 Bh5 8. d4 Bd6 9. Nc3 O-O 10. O-O Qe7 11. a3 a5 12. Nd2 Bg6 13. Nf3 h6 14. Bd3 Ne4 15. Qc2 f5 16. Ne2 Qf6 17. Nf4 Bf7 18. Be2 g5 19. Nd3 g4 20. Nfe5 Bxe5 21. dxe5 Qh4 22. Nf4 gxh3 23. g3 Qg5 24. Kh2 Kh7 25. Bd3 Ndc5 26. Be2 Rg8 27. Nxh3 Qg7 28. Rg1 h5 29. b4 Nd7 30. cxd5 cxd5 31. Qc7 Rad8 32. Bd4 Qh6 33. f3 Ng5 34. Nf4 h4 35. g4 fxg4 36. Rxg4 Bh5 37. Nxh5 Qxh5 38. Rag1 Kh6 39. e4 Rc8 40. Qxd7 Rc2 41. Kh1 Rxe2 42. Qe7 1-0


[Site "https://www.chess.com"]

[Event "Titled Tuesday Blitz June 20 Late 2023"]
[White "Martinez Alcantara, Jose Eduardo"]
[Black "Spata, German"]
[WhiteFideId "3805662"]
[BlackFideId "113026"]
[WhiteElo "2711"]
[BlackElo "2260"]
[Result "1-0"]
[Round "2"]
[TimeControl "180+2"]
[Date "2023.06.20"]
[WhiteClock "0:02:56"]
[BlackClock "0:01:22"]
[Board "3"]

1. e4 e6 2. d4 d5 3. Nd2 dxe4 4. Nxe4 Nd7 5. Nf3 Ngf6 6. Nxf6+ Nxf6 7. Be3 Nd5 8. Bd2 c5 9. dxc5 Bxc5 10. Bd3 Bb4 11. c3 Bd6 12. Qe2 Nf4 13. Bb5+ Bd7 14. Bxf4 Bxf4 15. Rd1 1-0


[Site "https://www.chess.com"]

[Event "Titled Tuesday Blitz June 20 Late 2023"]
[White "DopplerCharlotteDeWitte"]
[Black "Paravyan, David"]
[BlackFideId "4194985"]
[WhiteElo "2661"]
[BlackElo "2563"]
[Result "0-1"]
[Round "2"]
[TimeControl "180+2"]
[Date "2023.06.20"]
[WhiteClock "0:00:08"]
[BlackClock "0:01:07"]
[Board "4"]

1. e4 e5 2. Nf3 Nf6 3. Nxe5 d6 4. Nd3 Nxe4 5. Qe2 Qe7 6. Nf4 Nc6 7. c3 Nf6 8. d4 g5 9. Nd3 Rg8 10. Nd2 Bf5 11. Nc4 O-O-O 12. Qxe7 Nxe7 13. Be2 Ned5 14. O-O Re8 15. Ne3 Be4 16. Re1 Nf4 17. Nxf4 gxf4 18. f3 Bc6 19. Nc2 Bh6 20. Bd2 Rg7 21. Kf2 Bg5 22. Rg1 Reg8 23. Bd3 Bh4+ 24. Kf1 Bxf3 25. Bf5+ Kd8 26. Bh3 Be4 27. Ne1 Nd5 28. c4 Ne3+ 29. Bxe3 fxe3 30. g3 f5 31. Ke2 f4 32. Nf3 Bxg3 33. hxg3 Bxf3+ 34. Kxf3 Rxg3+ 35. Rxg3 Rxg3+ 36. Kxf4 Rxh3 37. Re1 Kd7 38. Kg4 Rh2 39. Rxe3 Rxb2 40. Rh3 Rxa2 41. Rxh7+ Kc6 42. Kf5 Rc2 43. d5+ Kb6 44. Rh4 a5 0-1


[Site "https://www.chess.com"]

[Event "Titled Tuesday Blitz June 20 Late 2023"]
[White "Kamsky, Gata"]
[Black "Martinez Ramirez, Lennis"]
[WhiteFideId "2000024"]
[BlackFideId "3509079"]
[WhiteElo "2660"]
[BlackElo "2410"]
[Result "0-1"]
[Round "2"]
[TimeControl "180+2"]
[Date "2023.06.20"]
[WhiteClock "0:00:00"]
[BlackClock "0:00:11"]
[Board "5"]

1. d4 Nf6 2. Nf3 b5 3. Bf4 Bb7 4. e3 a6 5. h3 g6 6. Nbd2 Bg7 7. c3 O-O 8. Bh2 d6 9. a4 c6 10. Bd3 Nbd7 11. O-O Rb8 12. Re1 c5 13. axb5 axb5 14. e4 c4 15. Bf1 Ne8 16. b3 cxb3 17. Nxb3 Ndf6 18. Nfd2 Bc6 19. Ra7 b4 20. c4 Nd7 21. d5 Ba8 22. c5 Nxc5 23. Nxc5 dxc5 24. Bxb8 Qxb8 25. Rxe7 Bc3 26. Re3 Bd4 27. Rf3 Nd6 28. Nc4 Qd8 29. Ra7 Nxe4 30. Qa4 Nc3 31. Qd7 Qxd7 32. Rxd7 Bxd5 33. Rf4 Be6 34. Rb7 Ra8 35. Bd3 Ra1+ 36. Kh2 Kg7 37. Rf3 Ra2 0-1


[Site "https://www.chess.com"]

[Event "Titled Tuesday Blitz June 20 Late 2023"]
[White "Martic, Ivan"]
[Black "Liang, Awonder"]
[WhiteFideId "929301"]
[BlackFideId "2056437"]
[WhiteElo "2346"]
[BlackElo "2508"]
[Result "0-1"]
[Round "2"]
[TimeControl "180+2"]
[Date "2023.06.20"]
[WhiteClock "0:00:12"]
[BlackClock "0:01:53"]
[Board "6"]

1. d4 b6 2. e4 Bb7 3. Bd3 e6 4. Nf3 d6 5. Qe2 Nd7 6. Nbd2 g6 7. c3 Bg7 8. a4 a6 9. O-O Ne7 10. Re1 h6 11. Nc4 g5 12. e5 d5 13. Ne3 c5 14. b4 c4 15. Bc2 Qc7 16. Ba3 b5 17. h3 O-O-O 18. axb5 axb5 19. Bc1 Nc6 20. Ng4 Bf8 21. Bd2 Be7 22. Ra2 Rdg8 23. Nf6 Nxf6 24. exf6 Bxf6 25. Ne5 Bxe5 26. dxe5 h5 27. Be3 Qxe5 28. Qd2 Qf6 29. Bc5 g4 30. h4 Qxh4 31. Bd6 Qd8 32. Bc5 g3 33. fxg3 Rxg3 34. Qf4 Rhg8 35. Rea1 Rxg2+ 36. Kf1 Qg5 37. Ra8+ Bxa8 38. Rxa8+ Kb7 39. Ra7+ Nxa7 40. Qxf7+ Kc8 41. Qxe6+ Kb8 42. Bxa7+ Kxa7 43. Qd7+ Kb8 44. Qd6+ Kc8 45. Qc6+ Kd8 46. Qb6+ Ke8 47. Qc6+ Kf8 48. Qc8+ Kf7 49. Qd7+ Qe7 50. Qxd5+ Qe6 51. Qxh5+ R2g6 52. Qh7+ R8g7 53. Bxg6+ Qxg6 0-1


[Site "https://www.chess.com"]

[Event "Titled Tuesday Blitz June 20 Late 2023"]
[White "Kollars, Dmitrij"]
[Black "Tomiello, Lucas Costamilan"]
[WhiteFideId "12909572"]
[BlackFideId "22701940"]
[WhiteElo "2584"]
[BlackElo "2116"]
[Result "1-0"]
[Round "2"]
[TimeControl "180+2"]
[Date "2023.06.20"]
[WhiteClock "0:00:17"]
[BlackClock "0:00:00"]
[Board "7"]

1. c4 Nf6 2. Nc3 g6 3. d4 Bg7 4. e4 d6 5. Be2 O-O 6. Be3 Na6 7. Nf3 e5 8. O-O Ng4 9. Bg5 f6 10. Bc1 Nh6 11. Qc2 Nf7 12. Be3 c6 13. Rad1 Qe7 14. d5 c5 15. Nd2 f5 16. f3 Bh6 17. Bf2 Bd7 18. a3 Bg5 19. Bd3 Bh4 20. exf5 gxf5 21. Bxf5 Bxf2+ 22. Rxf2 Bxf5 23. Qxf5 Ng5 24. Qd3 Rf4 25. Nde4 Raf8 26. Nxg5 Qxg5 27. Ne4 Qg6 28. Rdf1 Kh8 29. Kh1 Nc7 30. b4 b6 31. Qb1 Ne8 32. bxc5 bxc5 33. Qb7 R4f7 34. Qb8 Nf6 35. Qxd6 Nxe4 36. Qxe5+ Nf6 37. d6 Re8 38. Qxc5 Nd7 39. Qd5 Re5 40. Qd4 Kg8 41. f4 Rc5 42. Re2 Qf6 43. Qd3 Qf5 44. Re8+ Rf8 45. Rxf8+ Nxf8 46. Qd4 Nd7 47. Re1 Rc8 48. h3 Qf6 49. Qd5+ Kf8 50. f5 Re8 51. Re6 Qa1+ 52. Kh2 Nf6 53. Qc5 Nd7 54. Qe3 Ne5 55. Qh6+ Kf7 56. Qxh7+ 1-0


[Site "https://www.chess.com"]